 Dungeon Crawl Stone Soup version 0.20-a0-795-ga03948b (webtiles) character file.

653438 Iskender the Phalangite (level 27, -8/217 HPs)
             Began as a Barachian Wanderer on Feb 27, 2017.
             Was the Champion of Cheibriados.
             Killed from afar by a white draconian annihilator (42 damage)
             ... with an iron shot
             ... on level 4 of the Realm of Zot on Mar 1, 2017.
             The game lasted 09:01:18 (50625 turns).

Iskender the Phalangite (Barachian Wanderer)       Turns: 50625, Time: 09:01:18

Health: -8/217     AC: 39    Str: 34    XL:     27
Magic:  25/30      EV: 34    Int: 30    God:    Cheibriados [******]
Gold:   2872       SH:  5    Dex: 38    Spells: 11/31 levels left

rFire    + + .     SeeInvis +   a - +3 bardiche (flame)
rCold    + + .     Gourm    .   f - +6 chain mail "Lioscho" {rF++ Slay+3}
rNeg     . . .     Faith    .   (shield currently unavailable)
rPois    .         Spirit   .   G - +0 helmet of the Blacksmith {rC++}
rElec    .         Reflect  +   I - +2 cloak
rCorr    .         Harm     .   V - +3 pair of gauntlets of War {Slay+5}
MR       ++...                  u - +2 pair of boots
Stlth    +++.......             m - +5 amulet of reflection
Regen    0.5/turn               g - ring of Xeshe {*Slow Str+4 Slay+3 SInv}
MPRegen  0.3/turn               E - +5 ring of evasion

@: very slightly contaminated, very slow
A: +LOS, swims, slowness 1, strong 1, subdued magic 1, strong legs 2
}: 3/15 runes: decaying, serpentine, abyssal
a: Hop, Bend Time, Temporal Distortion, Slouch, Step From Time, Renounce
Religion


You were on level 4 of the Realm of Zot.
You worshipped Cheibriados.
Cheibriados was exalted by your worship.
You were completely stuffed.

You visited 10 branches of the dungeon, and saw 49 of its levels.
You visited the Abyss 1 time.
You visited 2 bazaars.
You also visited: Labyrinth, Bailey, Ice Cave and Wizlab.

You collected 7337 gold pieces.
You spent 4465 gold pieces at shops.

Inventory:

Hand Weapons
 a - a +3 bardiche of flaming (weapon)
 b - a +3 arbalest of freezing
 q - the +12 battleaxe of Calculation {antimagic, rElec Str-5 Dex+4}
   (You took it off a vault sentinel on level 5 of the Vaults)

   It reduces the magical energy of the wielder, and disrupts the spells and
   magical abilities of those hit.
   Natural abilities and divine invocations are not affected.
   It affects your strength (-5).
   It affects your dexterity (+4).
   It insulates you from electricity.
 A - the +7 quarterstaff "Hiecwema" {flame, MR+ Str+2}
   (You found it on level 8 of the Dungeon)

   It has been specially enchanted to burn those struck by it, causing extra
   injury to most foes and up to half again as much damage against particularly
   susceptible opponents.
   It affects your strength (+2).
   It affects your resistance to hostile enchantments.
 B - a +0 arbalest of flaming
 Q - the +5 broad axe of Evil {chop, Int+7}
   (You found it on level 1 of the Crypt)

   It inflicts extra damage upon your enemies.
   It affects your intelligence (+7).
Missiles
 p - 1185 bolts
Armour
 f - the +6 chain mail "Lioscho" (worn) {rF++ Slay+3}
   (You found it on level 4 of the Swamp)

   It affects your accuracy and damage with ranged weapons and melee attacks
   (+3).
   It greatly protects you from fire.
 u - a +2 pair of boots (worn)
 G - the +0 helmet of the Blacksmith (worn) {rC++}
   (You bought it in a shop in a bazaar)

   It greatly protects you from cold.
 I - a +2 cloak (worn)
 R - the +1 pair of gloves of Vehumet's Generosity {rF++ MR++}
   (You bought it in a shop in a bazaar)

   It greatly protects you from fire.
   It affects your resistance to hostile enchantments.
 V - the +3 pair of gauntlets of War (worn) {Slay+5}
   (You found it in a labyrinth)

   It affects your accuracy and damage with ranged weapons and melee attacks
   (+5).
Magical Staves
 w - an uncursed staff of wizardry
Jewellery
 d - an uncursed ring of poison resistance
 g - the ring of Xeshe (right hand) {*Slow Str+4 Slay+3 SInv}
   (You acquired it on level 3 of the Crypt)

   [ring of slaying]

   It affects your strength (+4).
   It affects your accuracy and damage with ranged weapons and melee attacks
   (+3).
   It lets you see invisible.
   It may slow you when you take damage.
 m - a +5 amulet of reflection (around neck)
 E - a +5 ring of evasion (left hand)
 S - the ring of Shadows {Umbra +Inv Stlth+}
   (You found it on level 8 of the Dungeon)

   [ring of stealth]

   It lets you turn invisible.
   It makes you more stealthy.
 X - an uncursed ring of positive energy
Wands
 c - a wand of iceblast (0/15)
 i - a wand of scattershot (4/9)
 j - a wand of digging (10/24)
 s - a wand of enslavement (8/24)
 t - a wand of iceblast (6/15)
 y - a wand of iceblast (7/15)
 z - a wand of paralysis (15/24)
 W - a wand of iceblast (9/15)
Scrolls
 e - 2 scrolls of recharging
 h - 4 scrolls of identify
 l - a scroll of torment
 o - 7 scrolls of teleportation
 v - a scroll of silence
 C - a scroll of fear
 J - 10 scrolls of remove curse
 K - 3 scrolls of fog
 L - 3 scrolls of immolation
 T - 3 scrolls of blinking
 U - a scroll of enchant armour
Potions
 k - 4 potions of cancellation
 n - 3 potions of curing
 r - 4 potions of agility
 H - 2 potions of ambrosia
 M - 2 potions of magic
 O - 3 potions of brilliance
 P - 4 potions of might
 Y - 3 potions of heal wounds
Miscellaneous
 N - 3 phantom mirrors
Comestibles
 x - 10 meat rations
 D - 10 bread rations


   Skills:
 - Level 17.9 Fighting
 - Level 26.0 Polearms
 - Level 18.6 Crossbows
 + Level 25.8 Armour
 - Level 16.5 Dodging
 - Level 9.0 Stealth
   Level 1.1 Shields
 - Level 2.5 Spellcasting
 - Level 4.0 Conjurations
 - Level 6.2 Hexes
 - Level 5.1 Charms
 - Level 6.1 Summonings
 - Level 3.1 Necromancy
 - Level 2.5 Translocations
 - Level 3.2 Fire Magic
 - Level 10.5 Invocations
 - Level 5.4 Evocations


You had 11 spell levels left.
You knew the following spells:

 Your Spells              Type           Power        Failure   Level  Hunger
b - Summon Butterflies    Summ           ####....     1%          1    None
c - Regeneration          Chrm/Necr      ###.......   8%          3    ###....
d - Conjure Flame         Conj/Fire      ###.....     10%         3    ###....
e - Shadow Creatures      Summ           N/A          99%         6    #######
g - Shroud of Golubria    Chrm/Tloc      ###.......   4%          2    ##.....
i - Portal Projectile     Hex/Tloc       ###...       8%          3    ###....
v - Blink                 Tloc           N/A          8%          2    ##.....


Dungeon Overview and Level Annotations

Branches:
Dungeon (15/15)            Temple (1/1) D:5            Lair (6/6) D:9
  Swamp (4/4) Lair:3        Snake (4/4) Lair:2        Slime (0/5) Lair:6
    Orc (2/2) D:11            Elf (0/3) Orc:2        Vaults (5/5) D:13
  Crypt (3/3) Vaults:3       Tomb (0/3) Crypt:3      Depths (5/5) D:15
    Zot (4/5) Depths:5

Altars:
Ashenzari
Cheibriados
Dithmenos
Elyvilon
Fedhas
Gozag
Hepliaklqana
Kikubaaqudgha
Makhleb
Nemelex Xobeh
Okawaru
Qazlal
Ru
Sif Muna
Trog
Uskayaw
Vehumet
Wu Jian
Xom
Yredelemnul
Zin
The Shining One
Beogh
Jiyva
Lugonu

Shops:
D:12 :   D:15 *   Orc:1 =?(   Orc:2 (:?}}   Vaults:3 [   Depths:1 *}:(*
Depths:3 *

Portals:
Hell: Depths:1 Depths:2 Depths:3 Depths:4 Depths:5
Abyss: Depths:3 Depths:4
Pandemonium: Depths:3 Depths:4
Ziggurat: Depths:5

Annotations:
D:6 flinch's ghost, novice DrMo
D:15 Louise
Swamp:2 exclusion: Roxanne, Roxanne


Innate Abilities, Weirdness & Mutations

Shadows flee at your approach. (+LOS)
You can swim through water.
You cover ground slowly.
You can hop longer distances.
Your muscles are strong. (Str +2)
Your spells are a little easier to cast, but a little less powerful.


Message History

The poison arrow misses you.
You slash the white draconian annihilator!
You burn the white draconian annihilator.
The white draconian annihilator is moderately wounded.
You barely miss the white draconian annihilator.
The white draconian annihilator is moderately wounded.
You block the white draconian annihilator's attack.
You hit the white draconian annihilator but do no damage.
The white draconian annihilator is moderately wounded.
You slash the white draconian annihilator!
You burn the white draconian annihilator.
The white draconian annihilator is heavily wounded.
The white draconian annihilator gestures at you while chanting.
The crystal spear hits you!
* * * LOW HITPOINT WARNING * * *
You are too injured to fight recklessly!
You feel better.
The white draconian annihilator casts a spell at you.
The iron shot hits you!
You die...

#...#...####..# ..............#
#...## #..# #....# #..######
#....# #..##...#
#....#######.......##############
..................(.?............
...).............................
##..)...####....@.....[..###.....
##......####...dq.....######.....
##............(..q............)..
###........<..(..................
#..............................
######.......##...######...#...
#[[))...###### #...#... #.......#
##...... #...#...# #...###


You could see a yellow draconian monk, a green draconian and a white draconian
annihilator.

Vanquished Creatures
  3 ancient liches (Vaults:5)
  Sojobo (Vaults:4)
  Bai Suzhen (Depths:2)
  Frederick (Vaults:4)
  2 caustic shrikes (Depths:4)
  Saint Roka (Vaults:3)
  The ghost of Magnus the Sorcerer, a veteran DECj of Sif Muna (Depths:3)
  6 golden dragons
  A profane servitor (Crypt:3)
  A bone dragon (Crypt:3)
  2 liches
  5 tentacled monstrosities
  3 titans
  6 acid blobs (Depths:4)
  4 quicksilver dragons
  A death cob (Zot:1)
  A quicksilver dragon (shapeshifter) (Vaults:4)
  5 sphinxes
  7 ancient champions
  A tentacled starspawn (Abyss:5)
  6 shadow dragons
  4 thorn hunters
  12 storm dragons
  4 azure jellies (Depths:4)
  Aizul (Vaults:3)
  6 tengu reavers
  2 revenants
  12 frost giants
  3 orc warlords
  9 nagarajas
  The ghost of smajdalf the Stormcaller, an adept TeAE of Vehumet (Swamp:2)
  13 fire giants
  A draconian shifter (Depths:5)
  14 vault wardens
  3 deep elf sorcerers
  2 draconian scorchers (Zot:4)
  A ghost moth (Zot:3)
  2 curse skulls
  2 deep elf elementalists
  12 ghouls
  A spriggan defender (Depths:4)
  12 ironheart preservers
  35 very ugly things
  2 draconian annihilators (Depths:5)
  4 war gargoyles (Vaults:5)
  3 entropy weavers
  A reaper (Crypt:3)
  8 vampire knights
  23 stone giants
  3 deep elf demonologists
  A green draconian (shapeshifter) (Vaults:5)
  3 green draconians
  The ghost of morbho the Party-goer, a journeyman SpEn of Uskayaw (Orc:1)
  2 black draconians (Zot:4)
  5 spark wasps
  2 deep elf annihilators
  2 yellow draconians
  2 white draconians
  An orange crystal statue (WizLab)
  6 red draconians
  11 ettins
  A minotaur (Lab)
  4 eidola
  6 deep elf death magi
  An ettin (shapeshifter) (D:14)
  Josephine (D:14)
  A merfolk impaler (Depths:2)
  10 great orbs of eyes
  16 jiangshi
  16 ogre magi
  5 death oozes (Depths:4)
  10 rakshasas
  8 fire dragons
  A great orb of eyes (shapeshifter) (D:14)
  Erolcha (Orc:1)
  A deep elf high priest (Depths:3)
  16 ice dragons
  18 naga warriors
  34 vault guards
  9 anacondas
  15 yaktaur captains
  3 spriggan air magi
  4 catoblepae
  5 ghost crabs
  A monstrous demonspawn (Depths:4)
  25 hydras
  41 two-headed ogres
  An alligator snapping turtle (Depths:2)
  13 centaur warriors
  2 merfolk aquamancers (Depths:2)
  A queen ant (shapeshifter) (Depths:4)
  2 dancing weapons (Depths:2)
  8 death knights
  4 tengu warriors
  10 deep troll shamans
  22 death yaks
  9 deep troll earth magi
  18 naga sharpshooters
  13 alligators
  A titan zombie (Crypt:1)
  6 vampire magi
  11 naga ritualists
  6 deep elf knights
  Urug (Lair:3)
  A storm dragon zombie (Vaults:3)
  4 spriggan berserkers
  A soul eater (Depths:4)
  21 hell knights
  12 shock serpents
  Nergalle (Orc:2)
  A fire crab (shapeshifter) (Depths:3)
  An iron troll (Depths:3)
  9 shadow wraiths
  4 unseen horrors
  An unseen horror (shapeshifter) (Depths:3)
  2 salamander mystics
  A quicksilver dragon simulacrum (Crypt:1)
  3 wretched stars (Abyss:5)
  A torturous demonspawn (Depths:4)
  28 deep trolls
  3 wizards
  53 skeletal warriors
  5 glowing orange brains
  A spriggan druid (Swamp:1)
  17 swamp dragons
  4 flayed ghosts
  An obsidian statue (Depths:3)
  4 deep elf archers
  18 orc knights
  3 shambling mangroves
  A lindwurm (Lair:5)
  An orb spider (shapeshifter) (Depths:2)
  23 ironbrand convokers
  13 phantasmal warriors
  A wolf spider (shapeshifter) (Depths:3)
  4 wolf spiders
  11 necromancers
  12 orc sorcerers
  A shadow dragon skeleton (Crypt:1)
  56 ugly things
  10 salamanders
  8 harpies
  6 mana vipers
  14 deep elf magi
  A faun (shapeshifter) (Vaults:1)
  6 cyclopes
  A cyclops (shapeshifter) (Depths:3)
  2 manticores (Lair:6)
  8 moths of wrath
  A fire giant zombie (Vaults:3)
  10 vault sentinels
  A sphinx skeleton (Crypt:2)
  6 elephants
  3 guardian serpents (shapeshifter) (Depths:3)
  30 black mambas
  23 naga magi
  A water nymph (shapeshifter) (Vaults:4)
  An apocalypse crab (Abyss:5)
  Maurice (D:8)
  2 guardian serpents
  2 fire giant skeletons
  An ice statue (IceCv)
  22 spiny frogs
  Psyche (D:9)
  2 gargoyles
  2 spiny frogs (shapeshifter)
  2 rime drakes
  A komodo dragon (shapeshifter) (D:11)
  57 yaktaurs
  3 efreet
  16 freezing wraiths
  2 ice devils (Lair:4)
  2 emperor scorpion zombies
  10 komodo dragons
  5 kobold demonologists (D:12)
  A tormentor (Depths:4)
  A red devil (Depths:4)
  A harpy zombie (Crypt:1)
  A pale draconian skeleton (Crypt:1)
  3 tengu conjurers
  2 jumping spiders (shapeshifter)
  5 meliai (Abyss:5)
  A polar bear (shapeshifter) (Depths:1)
  17 polar bears
  A troll (shapeshifter) (Depths:3)
  11 hornets
  2 merfolk (shapeshifter)
  A hornet (shapeshifter) (Vaults:5)
  A queen bee (Abyss:5)
  A shadow dragon simulacrum (Crypt:1)
  13 trolls
  A meliai (shapeshifter) (Depths:2)
  A queen bee (shapeshifter) (Depths:3)
  7 tyrant leeches
  A wind drake (shapeshifter) (Vaults:3)
  10 hippogriffs
  4 blink frogs (Lair:5)
  A harpy skeleton (Crypt:1)
  3 raiju
  31 slime creatures
  A snapping turtle (shapeshifter) (Vaults:4)
  A fire giant simulacrum (Vaults:3)
  A stone giant simulacrum (Crypt:3)
  A dream sheep (shapeshifter) (Vaults:5)
  5 shadows
  14 bog bodies
  A centaur simulacrum (D:13)
  2 tarantellas (shapeshifter)
  6 air elementals (Depths:2)
  2 vampires
  3 redbacks
  16 wraiths
  An ettin skeleton (Crypt:1)
  56 flying skulls
  3 wyverns
  51 yaks
  3 fire bats (Depths:4)
  8 spriggans
  A tarantella (Vaults:4)
  A human (D:8)
  2 steam dragons
  6 hogs
  A water elemental (Depths:3)
  11 basilisks
  Grum (D:8)
  A hog (shapeshifter) (Depths:3)
  9 vampire mosquitoes
  2 human simulacra
  A neqoxec (Depths:4)
  A swamp worm (shapeshifter) (Vaults:4)
  3 hungry ghosts
  17 insubstantial wisps
  A soldier ant (D:15)
  A harpy simulacrum (Crypt:1)
  A large abomination (Crypt:3)
  9 wargs
  An acid dragon (shapeshifter) (Depths:4)
  A gelid demonspawn skeleton (Crypt:1)
  16 swamp worms
  49 nagas
  2 water moccasins (shapeshifter) (Depths:3)
  A floating eye (shapeshifter) (Depths:5)
  10 water moccasins
  9 porcupines
  35 orc warriors
  A hornet zombie (D:15)
  A spiny frog skeleton (Crypt:3)
  A black bear (shapeshifter) (D:13)
  17 swamp drakes
  A phantom (D:9)
  9 sky beasts
  9 ice beasts
  An ettin simulacrum (Crypt:3)
  7 necrophages
  An ogre (shapeshifter) (Vaults:3)
  An eye of draining (shapeshifter) (Depths:3)
  33 wolves
  40 ogres
  14 boggarts
  A manticore skeleton (Crypt:1)
  An elf skeleton (Vaults:3)
  2 human skeletons
  8 centaurs
  A dream sheep skeleton (Crypt:1)
  17 crocodiles
  A big kobold (shapeshifter) (Vaults:2)
  18 bullfrogs
  4 big kobolds
  3 small abominations (Crypt:3)
  2 wyvern zombies
  A warg zombie (Crypt:2)
  A wyvern skeleton (D:6)
  A queen bee zombie (Crypt:2)
  4 scorpions
  13 wights
  An orc simulacrum (Vaults:2)
  18 killer bees
  2 electric eels
  7 howler monkeys
  11 crimson imps
  A bullfrog zombie (D:12)
  4 centaur zombies
  27 orc priests
  8 hounds
  8 jellies
  2 iron imps
  47 orc wizards
  A bullfrog skeleton (D:13)
  3 centaur skeletons
  5 iguanas
  13 worker ants
  A big kobold skeleton (Crypt:2)
  2 hound skeletons
  3 worker ant zombies
  5 gnolls
  3 howler monkey skeletons
  7 adders
  5 shadow imps
  A white imp (Vaults:1)
  2 ufetubi (Depths:4)
  2 oozes
  A lava snake zombie (Crypt:1)
  An adder skeleton (D:4)
  2 worms
  3 dart slugs
  7 leopard geckos
  133 orcs
  2 ball pythons
  3 giant cockroaches
  17 goblins
  12 hobgoblins
  7 jackals
  2 quokkas
  11 bats
  6 frilled lizards
  A hobgoblin zombie (Crypt:2)
  32 kobolds
  A leopard gecko skeleton (D:6)
  A leopard gecko zombie (D:8)
  An orc skeleton (Crypt:2)
  A quokka skeleton (D:7)
  9 rats
  A rat skeleton (Crypt:1)
  A fungus (Lair:2)
2405 creatures vanquished.

Vanquished Creatures (collateral kills)
  Kirke (Swamp:1)
  A stone giant (Vaults:2)
  A rakshasa (Vaults:2)
  An ogre mage (Vaults:4)
  2 two-headed ogres (Vaults:4)
  A naga sharpshooter (Snake:2)
  A swamp dragon (Swamp:2)
  2 black mambas (Snake:2)
  2 yaks (Lair:6)
  2 ogres (Vaults:2)
14 creatures vanquished.

Vanquished Creatures (others)
  A stone giant (Depths:2)
  A rakshasa (Depths:2)
  2 yaktaur captains
  A hydra (Swamp:4)
  An ice dragon (Vaults:4)
  An alligator (Swamp:2)
  3 two-headed ogres
  2 anacondas (Snake:2)
  A shock serpent (Snake:2)
  A naga sharpshooter (Snake:2)
  A spriggan druid (Swamp:2)
  2 ugly things (Depths:3)
  A vault sentinel (Vaults:4)
  A naga mage (Snake:4)
  4 yaktaurs
  A hornet (Swamp:3)
  5 slime creatures (Depths:3)
  3 yaks (Lair:6)
  2 hogs (Swamp:1)
  A swamp worm (Swamp:2)
  2 nagas
  2 orc warriors (Vaults:1)
  2 humans
  An ogre (Depths:3)
  A ball lightning (Swamp:2)
  2 orcs
  3 kobolds (D:8)
  12 fungi
  7 plants
  2 starspawn tentacles (Abyss:5)
69 creatures vanquished.

Grand Total: 2488 creatures vanquished

Notes
Turn   | Place    | Note
-------+----------+-------------------------------------------
     0 | D:1      | Iskender the Barachian Wanderer began the quest for the Orb.
     0 | D:1      | Iskender set off with: a +2 scale mail, a potion of curing, a wand of random effects (15/48), a +0 dagger, a bread ration
     0 | D:1      | Reached XP level 1. HP: 15/15 MP: 3/3
   171 | D:1      | Reached skill level 1 in Stealth
   257 | D:1      | Reached XP level 2. HP: 20/21 MP: 5/5
   858 | D:2      | Reached XP level 3. HP: 22/26 MP: 6/6
   861 | D:2      | Reached skill level 1 in Polearms
  1180 | D:2      | Found a faded altar of an unknown god.
  1519 | D:2      | Reached skill level 2 in Polearms
  1847 | D:3      | Reached XP level 4. HP: 31/32 MP: 7/7
  2232 | D:3      | Reached skill level 3 in Polearms
  2811 | D:3      | Reached XP level 5. HP: 34/37 MP: 8/8
  2984 | D:4      | Reached skill level 4 in Polearms
  3305 | D:4      | Found an ancient bone altar of Kikubaaqudgha.
  3306 | D:4      | Noticed a human
  3308 | D:4      | Killed a human
  3354 | D:4      | Found a radiant altar of Vehumet.
  3537 | D:4      | Reached skill level 5 in Polearms
  3537 | D:4      | Reached XP level 6. HP: 41/43 MP: 9/9
  3607 | D:4      | Noticed a sky beast
  3616 | D:4      | Killed a sky beast
  3865 | D:4      | Reached skill level 6 in Polearms
  4029 | D:4      | Reached XP level 7. HP: 45/48 MP: 10/10
  4187 | D:5      | Entered Level 5 of the Dungeon
  4224 | D:5      | Found a staircase to the Ecumenical Temple.
  4235 | Temple   | Entered the Ecumenical Temple
  4336 | Temple   | Became a worshipper of Cheibriados the Contemplative
  4502 | D:5      | Gained mutation: Your spells are a little easier to cast, but a little less powerful. [mutagenic glow]
  4561 | D:5      | Gained mutation: Your muscles are strong. (Str +2) [mutagenic glow]
  4646 | D:5      | Reached skill level 1 in Invocations
  5037 | D:5      | Reached * piety under Cheibriados
  5197 | D:5      | Reached skill level 7 in Polearms
  5400 | D:6      | Noticed flinch's ghost (novice DrMo)
  5514 | D:6      | Reached XP level 8. HP: 29/54 MP: 5/11
  5806 | D:6      | Reached skill level 8 in Polearms
  5914 | D:6      | Found a burning altar of Makhleb.
  5996 | D:6      | Reached skill level 9 in Polearms
  6015 | D:6      | Reached ** piety under Cheibriados
  6638 | D:7      | Reached skill level 10 in Polearms
  6638 | D:7      | Reached XP level 9. HP: 55/59 MP: 10/12
  6725 | D:6      | Reached skill level 1 in Dodging
  6796 | D:7      | Found a blossoming altar of Fedhas.
  7090 | D:7      | Reached *** piety under Cheibriados
  7334 | D:8      | Reached skill level 5 in Dodging
  7634 | D:8      | Got a smoking quarterstaff
  7797 | D:8      | Found a shattered altar of Ashenzari.
  7869 | D:8      | Noticed Grum
  7918 | D:8      | Reached **** piety under Cheibriados
  7927 | D:8      | Reached XP level 10. HP: 65/65 MP: 11/13
  7951 | D:8      | Reached skill level 5 in Invocations
  8006 | D:8      | Killed Grum
  8053 | D:8      | Identified the +7 quarterstaff "Hiecwema" {flame, MR+ Str+2} (You found it on level 8 of the Dungeon)
  8297 | D:8      | Noticed Maurice
  8331 | D:8      | Killed Maurice
  8331 | D:8      | Reached skill level 11 in Polearms
  8827 | D:9      | Noticed Psyche
  8837 | D:9      | Found a staircase to the Lair.
  8837 | D:9      | Noticed an elephant
  8939 | D:9      | Killed an elephant
  8939 | D:9      | Reached skill level 12 in Polearms
  8969 | Lair:1   | Entered Level 1 of the Lair of Beasts
  8979 | Lair:1   | Reached XP level 11. HP: 40/70 MP: 5/15
  9031 | Lair:1   | Found a labyrinth entrance.
  9061 | Lair:1   | Reached skill level 13 in Polearms
  9072 | Lab      | Entered a labyrinth
  9197 | Lab      | Noticed Laan's ghost (novice GrFi)
  9259 | Lab      | Noticed a minotaur
  9285 | Lab      | Killed a minotaur
  9312 | Lab      | Got a bloodstained ring mail
  9378 | Lair:1   | Identified the +1 ring mail of the Voivode {Str+3} (You found it in a labyrinth)
 10152 | Lair:2   | Reached skill level 14 in Polearms
 10204 | Lair:2   | Reached skill level 1 in Crossbows
 10471 | Lair:2   | Noticed a four-headed hydra
 10481 | Lair:2   | Killed a four-headed hydra
 10648 | Lair:2   | Found a staircase to the Snake Pit.
 10649 | Lair:2   | Reached skill level 5 in Crossbows
 10673 | Lair:2   | Reached ***** piety under Cheibriados
 11012 | Lair:3   | Reached XP level 12. HP: 38/77 MP: 17/17
 11184 | Lair:3   | Noticed a five-headed hydra
 11200 | Lair:3   | Killed a five-headed hydra
 11275 | Lair:3   | Noticed a four-headed hydra
 11285 | Lair:3   | Killed a four-headed hydra
 11302 | Lair:3   | Got a slimy ring mail
 11313 | Lair:3   | Identified the +3 ring mail of the Desert {rCorr Stlth+} (You found it on level 3 of the Lair of Beasts)
 11470 | Lair:3   | Noticed Urug
 11492 | Lair:3   | Killed Urug
 11778 | Lair:3   | Found a staircase to the Swamp.
 12107 | Lair:4   | Found a frozen archway.
 12213 | IceCv    | Entered an ice cave
 12321 | IceCv    | Reached ****** piety under Cheibriados
 12321 | IceCv    | Reached skill level 10 in Crossbows
 12325 | IceCv    | Gained mutation: You can hop longer distances. [Barachian growth]
 12325 | IceCv    | Reached XP level 13. HP: 59/82 MP: 19/19
 12638 | IceCv    | Reached skill level 15 in Polearms
 12979 | IceCv    | Noticed a frost giant
 12995 | IceCv    | Killed a frost giant
 13183 | Lair:4   | Reached skill level 16 in Polearms
 14149 | Lair:5   | Reached skill level 5 in Stealth
 14369 | Lair:5   | Reached XP level 14. HP: 88/88 MP: 20/20
 14604 | Lair:6   | Entered Level 6 of the Lair of Beasts
 14604 | Lair:6   | Found a staircase to the Slime Pits.
 14604 | Lair:6   | Found a viscous altar of Jiyva.
 14846 | Lair:6   | Got a jewelled leather armour
 14862 | Lair:6   | Identified the +4 leather armour of Eqeble {+Blink Int+2} (You found it on level 6 of the Lair of Beasts)
 15042 | Lair:6   | Learned a level 3 spell: Ignite Poison
 15389 | Lair:6   | Reached skill level 5 in Evocations
 15543 | Lair:6   | Reached skill level 5 in Fighting
 15643 | Lair:6   | Got a scintillating lead ring
 15648 | Lair:6   | Identified the ring of Optimism {+Fly rF+ Str+6 Dex+5 Slay-4} (You found it on level 6 of the Lair of Beasts)
 15732 | Lair:6   | Upgraded the game from 0.20-a0-772-g73021bd to 0.20-a0-788-g5cc1a67
 16047 | D:9      | Killed Psyche
 16128 | D:10     | Entered Level 10 of the Dungeon
 17333 | D:11     | Reached XP level 15. HP: 71/112 MP: 21/21
 17644 | D:11     | Found a staircase to the Orcish Mines.
 18074 | D:12     | Got a pair of ichor-stained gloves
 18080 | D:12     | Identified the +1 pair of gloves "Iponusch" {rElec} (You found it on level 12 of the Dungeon)
 18245 | D:12     | Found Mylan's Book Shop.
 18326 | D:12     | Found a snail-covered altar of Cheibriados.
 18780 | D:13     | Found a snail-covered altar of Cheibriados.
 18935 | D:13     | Noticed a storm dragon
 19132 | D:13     | Killed a storm dragon
 19494 | D:13     | Found a gate to the Vaults.
 19755 | D:13     | Got a bloodstained morningstar
 19756 | D:13     | Identified the +3 morningstar of the Gloaming {antimagic, Int+3} (You found it on level 13 of the Dungeon)
 19817 | D:14     | Found a flagged portal.
 19826 | Bailey   | Entered a bailey
 19830 | Bailey   | Noticed an orc warlord
 19872 | Bailey   | Found a runed gate.
 19885 | Bailey   | Found a runed gate.
 19886 | Bailey   | Found a runed gate.
 19943 | Bailey   | Killed an orc warlord
 20066 | D:14     | Found a flickering gateway to a bazaar.
 20089 | Bazaar   | Entered a bazaar
 20089 | Bazaar   | Found Kugolari's Jewellery Shoppe.
 20089 | Bazaar   | Found Lynt's Armour Shoppe.
 20089 | Bazaar   | Found Binovife's Book Emporium.
 20090 | Bazaar   | Found Yrurat's Antique Weapon Emporium.
 20111 | Bazaar   | Bought a +5 amulet of reflection for 535 gold pieces
 20111 | Bazaar   | Bought an uncursed ring of see invisible for 195 gold pieces
 20111 | Bazaar   | Bought an uncursed ring of poison resistance for 260 gold pieces
 20479 | D:14     | Noticed Josephine
 20517 | D:14     | Killed Josephine
 20660 | D:14     | Found a runed door.
 20682 | D:14     | Noticed a storm dragon
 20684 | D:14     | Reached XP level 16. HP: 118/118 MP: 22/22
 20691 | D:14     | Identified a scroll of acquirement
 21090 | D:14     | Noticed a quicksilver dragon
 21090 | D:14     | a dire elephant changed into a quicksilver dragon
 21104 | D:14     | Noticed an acid blob
 21104 | D:14     | a fire giant changed into an acid blob
 21152 | D:14     | Reached XP level 17. HP: 105/124 MP: 23/23
 21253 | D:15     | Entered Level 15 of the Dungeon
 21280 | D:15     | Found Iplyam's Demolitions Depot.
 21384 | D:15     | Noticed Louise
 21697 | D:15     | Reached skill level 17 in Polearms
 21921 | D:15     | Found a staircase to the Depths.
 22332 | Orc:1    | Entered Level 1 of the Orcish Mines
 22471 | Orc:1    | Found Ririsepp's Jewellery Shoppe.
 22497 | Orc:1    | Found Kahul's Magic Scroll Boutique.
 22505 | Orc:1    | Bought a scroll of identify for 22 gold pieces
 22513 | Orc:1    | Noticed Erolcha
 22513 | Orc:1    | Noticed morbho's ghost (journeyman SpEn)
 22538 | Orc:2    | Entered Level 2 of the Orcish Mines
 22538 | Orc:2    | Found Xounox's Gadget Boutique.
 22702 | Orc:2    | Found a staircase to the Elven Halls.
 22923 | Orc:2    | Found Benlay's Gadget Emporium.
 22941 | Orc:2    | Found Wyofi's Book Shoppe.
 22961 | Orc:2    | Found a radiant altar of Vehumet.
 23001 | Orc:2    | Reached skill level 18 in Polearms
 23019 | Orc:2    | Noticed Nergalle
 23050 | Orc:2    | Killed Nergalle
 23051 | Orc:2    | Found an ancient bone altar of Kikubaaqudgha.
 23082 | Orc:2    | Found a roughly hewn altar of Beogh.
 23082 | Orc:2    | Found Uvves's Antique Weapon Emporium.
 23095 | Orc:2    | Paralysed by an ogre mage for 7 turns
 23161 | Orc:2    | Bought a book of Necromancy for 450 gold pieces
 23165 | Orc:2    | Learned a level 3 spell: Regeneration
 23173 | Orc:2    | Bought a book of Beasts for 825 gold pieces
 23177 | Orc:2    | Learned a level 1 spell: Summon Butterflies
 23181 | Orc:2    | Learned a level 3 spell: Call Canine Familiar
 23210 | Orc:2    | Found Kadoraud's Magic Scroll Emporium.
 23223 | Orc:2    | Bought a scroll of magic mapping for 35 gold pieces
 23223 | Orc:2    | Bought a scroll of torment for 75 gold pieces
 23232 | Orc:2    | Bought a warped hand crossbow for 255 gold pieces
 23232 | Orc:2    | Identified the +5 hand crossbow of Roaputhy {flame, rF+ Str+2 Int+3} (You bought it in a shop on level 2 of the Orcish Mines)
 23551 | Orc:1    | Found Uchudgh's Antique Weapon Boutique.
 23561 | Orc:1    | Killed Erolcha
 23565 | Orc:1    | Killed morbho's ghost
 24153 | Snake:1  | Entered Level 1 of the Snake Pit
 24577 | Snake:1  | Reached skill level 1 in Charms
 24921 | Snake:1  | Reached skill level 5 in Charms
 24969 | Snake:1  | Reached skill level 1 in Necromancy
 25397 | Snake:2  | Reached XP level 18. HP: 75/131 MP: 24/24
 25425 | Snake:2  | Learned a level 3 spell: Conjure Flame
 25561 | Snake:2  | Reached skill level 19 in Polearms
 26265 | Snake:3  | Reached skill level 1 in Conjurations
 26505 | Snake:3  | Learned a level 2 spell: Blink
 26536 | Snake:3  | Learned a level 2 spell: Shroud of Golubria
 26566 | Snake:3  | Reached skill level 1 in Translocations
 26863 | Snake:4  | Entered Level 4 of the Snake Pit
 26907 | Snake:4  | Found a hide-covered altar of Uskayaw.
 27058 | Snake:4  | Reached skill level 20 in Polearms
 27541 | Snake:4  | Reached skill level 1 in Summonings
 27635 | Snake:4  | Reached XP level 19. HP: 94/136 MP: 25/25
 27801 | Snake:4  | Reached skill level 15 in Crossbows
 28007 | Snake:4  | Got a serpentine rune of Zot
 28298 | Swamp:1  | Entered Level 1 of the Swamp
 28509 | Swamp:1  | Noticed Kirke
 28528 | Swamp:1  | Killed Kirke
 28991 | Swamp:2  | Noticed smajdalf's ghost (adept TeAE)
 29045 | Swamp:2  | Killed smajdalf's ghost
 29440 | Swamp:2  | Noticed Roxanne
 30730 | Swamp:4  | Entered Level 4 of the Swamp
 30735 | Swamp:4  | Reached skill level 21 in Polearms
 30737 | Swamp:4  | Found a bloodstained altar of Trog.
 30849 | Swamp:4  | Reached skill level 5 in Summonings
 30892 | Swamp:4  | Got a distressingly furry chain mail
 30903 | Swamp:4  | Identified the +3 chain mail of Foolhardiness {Dex+2} (You found it on level 4 of the Swamp)
 31252 | Swamp:4  | Got a jewelled chain mail
 31263 | Swamp:4  | Identified the +6 chain mail "Lioscho" {rF++ Slay+3} (You found it on level 4 of the Swamp)
 31357 | Swamp:4  | Reached XP level 20. HP: 143/143 MP: 26/26
 31647 | Swamp:4  | Reached XP level 21. HP: 113/148 MP: 24/27
 31811 | Swamp:4  | Got a decaying rune of Zot
 32410 | D:15     | Learned a level 6 spell: Shadow Creatures
 32517 | Vaults:1 | Entered Level 1 of the Vaults
 32758 | Vaults:1 | Reached skill level 22 in Polearms
 33781 | Vaults:1 | Reached skill level 10 in Invocations
 34295 | Vaults:2 | Reached XP level 22. HP: 142/155 MP: 29/29
 36140 | Vaults:3 | Reached skill level 10 in Armour
 36374 | Vaults:3 | Found Vaor's Armour Shoppe.
 36561 | Vaults:3 | Reached skill level 23 in Polearms
 36562 | Vaults:3 | Noticed Saint Roka
 36573 | Vaults:3 | Killed Saint Roka
 36629 | Vaults:3 | Reached XP level 23. HP: 97/161 MP: 30/30
 36969 | Vaults:3 | Noticed Aizul
 36986 | Vaults:3 | Killed Aizul
 37108 | Vaults:3 | Found a staircase to the Crypt.
 37167 | Vaults:4 | Noticed Frederick
 37175 | Vaults:4 | Killed Frederick
 37681 | Vaults:4 | Reached skill level 24 in Polearms
 37759 | Vaults:4 | Noticed Sojobo
 38506 | Vaults:4 | Killed Sojobo
 38571 | Vaults:4 | Learned a level 3 spell: Portal Projectile
 38698 | Vaults:4 | Reached skill level 1 in Hexes
 38837 | Crypt:1  | Entered Level 1 of the Crypt
 38877 | Crypt:1  | Paralysed by a vampire knight for 3 turns
 38969 | Crypt:1  | Reached skill level 5 in Hexes
 39045 | Crypt:1  | Found a magical portal.
 39112 | WizLab   | Entered Wucad Mu's Monastery
 39576 | WizLab   | Upgraded the game from 0.20-a0-788-g5cc1a67 to 0.20-a0-795-ga03948b
 39657 | WizLab   | Reached XP level 24. HP: 120/167 MP: 27/30
 39894 | Crypt:1  | Got an iridescent broad axe
 39895 | Crypt:1  | Identified the +5 broad axe of Evil {chop, Int+7} (You found it on level 1 of the Crypt)
 40567 | Crypt:2  | Reached XP level 25. HP: 139/173 MP: 27/30
 40812 | Crypt:2  | Reached skill level 15 in Armour
 41254 | Crypt:3  | Entered Level 3 of the Crypt
 41593 | Crypt:3  | Found a basalt altar of Yredelemnul.
 41792 | Crypt:3  | Reached skill level 25 in Polearms
 41923 | Crypt:3  | Got an iridescent war axe
 41924 | Crypt:3  | Identified the cursed +1 war axe of the Manifold Gods {venom, rN+} (You found it on level 3 of the Crypt)
 41948 | Crypt:3  | Got a heavily runed marble ring
 41950 | Crypt:3  | Identified the ring of Xeshe {*Slow Str+4 Slay+3 SInv} (You acquired it on level 3 of the Crypt)
 42076 | Crypt:3  | Identified the Disquisition on Unholy Magic
 42257 | Crypt:3  | Found a staircase to the Tomb.
 42893 | Depths:1 | Entered Level 1 of the Depths
 42983 | Depths:1 | Found Afuasser's Serpentskin Sales.
 43085 | Depths:1 | Found Jeusuot's Book Shoppe.
 43086 | Depths:1 | Found Xoes Gull's Weapon Emporium.
 43088 | Depths:1 | Found Jeyve's Gadget Shoppe.
 43088 | Depths:1 | Found Yhyny's General Store.
 43122 | Depths:1 | Bought a scroll of teleportation for 66 gold pieces
 43122 | Depths:1 | Bought a scroll of enchant armour for 165 gold pieces
 43795 | Depths:1 | Found a gateway to Hell.
 43870 | Depths:2 | Found a large runed door.
 43870 | Depths:2 | Found a large runed door.
 43883 | Depths:2 | Reached skill level 26 in Polearms
 44026 | Depths:2 | Noticed Bai Suzhen
 44032 | Depths:2 | Reached XP level 26. HP: 179/179 MP: 29/30
 44078 | Depths:2 | Killed Bai Suzhen
 44982 | Depths:3 | Reached skill level 15 in Dodging
 44999 | Depths:3 | Noticed Magnus's ghost (veteran DECj)
 45016 | Depths:3 | Killed Magnus's ghost
 45052 | Depths:3 | Found a one-way gate leading to the halls of Pandemonium.
 45069 | Depths:3 | Found a flickering gateway to a bazaar.
 45081 | Bazaar   | Entered a bazaar
 45081 | Bazaar   | Found Sainn's Magic Scroll Shoppe.
 45081 | Bazaar   | Found Pikom's General Store.
 45091 | Bazaar   | Bought a scroll of teleportation for 42 gold pieces
 45093 | Bazaar   | Found Vabofadu's Antique Weapon Emporium.
 45095 | Bazaar   | Found Poovvuado's Antique Armour Emporium.
 45112 | Bazaar   | Found Kulenax's Jewellery Boutique.
 45168 | Bazaar   | Bought a fine helmet for 266 gold pieces
 45178 | Bazaar   | Identified the cursed +0 helmet of the Blacksmith {rC++} (You bought it in a shop in a bazaar)
 45179 | Bazaar   | Bought an ichor-stained plate armour for 784 gold pieces
 45194 | Bazaar   | Identified the cursed +1 plate armour "Kenol" {rElec Str+10 Dex+3} (You bought it in a shop in a bazaar)
 45231 | Bazaar   | Bought a pair of fine gloves for 266 gold pieces
 45243 | Bazaar   | Identified the +1 pair of gloves of Vehumet's Generosity {rF++ MR++} (You bought it in a shop in a bazaar)
 45244 | Bazaar   | Bought a runed scarf for 224 gold pieces
 45380 | Depths:3 | Found Mabb's Elemental Accessories.
 45447 | Depths:3 | Found a corrupted altar of Lugonu.
 45447 | Depths:3 | Found a one-way gate to the infinite horrors of the Abyss.
 45966 | Depths:3 | Reached skill level 10 in Fighting
 46096 | Depths:3 | Noticed a juggernaut
 46356 | Depths:3 | Reached XP level 27. HP: 197/197 MP: 30/30
 46746 | Depths:4 | Paralysed by a sphinx for 4 turns
 46770 | Depths:4 | Reached skill level 15 in Fighting
 46819 | Depths:4 | Found a viscous altar of Jiyva.
 47642 | Depths:5 | Entered Level 5 of the Depths
 47776 | Depths:5 | Found a gateway to a ziggurat.
 48069 | Depths:5 | Found a gate to the Realm of Zot.
 49048 | Vaults:5 | Entered Level 5 of the Vaults
 49077 | Vaults:5 | Noticed an ancient lich
 49094 | Vaults:5 | Cast into level 5 of the Abyss (an ancient lich)
 49094 | Abyss:5  | Entered Level 5 of the Abyss
 49136 | Abyss:5  | Got an abyssal rune of Zot
 49281 | Vaults:5 | Escaped the Abyss
 49332 | Vaults:5 | Noticed an ancient lich
 49341 | Vaults:5 | Killed an ancient lich
 49466 | Vaults:5 | Got an ichor-stained battleaxe {antimagic}
 49467 | Vaults:5 | Identified the +12 battleaxe of Calculation {antimagic, rElec Str-5 Dex+4} (You took it off a vault sentinel on level 5 of the Vaults)
 49607 | Vaults:5 | Killed an ancient lich
 49632 | Vaults:5 | Noticed an ancient lich
 49641 | Vaults:5 | Killed an ancient lich
 50159 | Zot:1    | Entered Level 1 of the Realm of Zot
 50625 | Zot:4    | Killed from afar by a white draconian annihilator

Vault maps used:
D:1:      eino_arrival_cavern_b
D:2:      cheibrodos_greedy_goblins, chequers_ecumenical_altar_simple,
          minmay_tromino_i2
D:3:      minmay_joined_circles
D:4:      kennysheep_little_box, first_bread, tgw_kikubaaqudgha
D:5:      minmay_temple_entry_mist, grunt_decor_one_mirror
D:6:      basic_altar
D:7:      basic_altar
D:8:      serial_bayou, serial_bayou_shore_a, serial_bayou_shore_b,
          serial_bayou_pond_d, serial_bayou_pond_d, grunt_livestock,
          kennysheep_diamond, nicolae_ashenzari_panopticon, uniq_maurice,
          uniq_grum
D:9:      david_lair_generic, uniq_psyche
D:10:     minivault_27
D:11:     minmay_goldmine, erik_orc_4
D:12:     serial_shops, kennysheep_mini, basic_altar
D:13:     minmay_strange_plus, serial_glass, glass_columns_b, glass_columns_a,
          cheibriados_altar_1
D:14:     minmay_misc_feat_chi, enter_bailey_3, serial_shops, bzr_firewalk,
          minmay_hidden_floor, uniq_josephine
D:15:     grunt_enter_depths_magical_seal, minmay_misc_feat_four_crosses,
          grunt_decor_mini_mirrors, nicolae_blasting_shop, uniq_louise
Temple:   kilobyte_greek_temple
Lair:1:   lab_entry_generic
Lair:2:   minmay_snake_entry_guardpost_medium
Lair:3:   minmay_swamp_entry_wisps, grunt_megastairs_2, uniq_urug
Lair:4:   portal_ice_cave_demonic_guard, beast_lair_carwin_5
Lair:5:   infiniplex_staircase_pool
Lair:6:   evilmike_catoblepas_cave, slime_altar_1, lemuel_fruit_tree
Swamp:1:  nicolae_swamp_little_tower, uniq_kirke
Swamp:2:  nicolae_swamp_treefoil, swamp_pool5, uniq_roxanne
Swamp:3:  hangedman_swamp_ruin_hall, swamp_pool2
Swamp:4:  swamp_basic_johnstein, swamp_pool2, basic_altar
Snake:1:  nrook_loot_triangle
Snake:2:  spider_trap, grunt_megastairs_1
Snake:3:  st_stairs_1
Snake:4:  snake_pit, basic_altar
Orc:1:    serial_shops, shop_scrolls, nicolae_shop_behind_doors,
          nicolae_shop_stone, uniq_erolcha
Orc:2:    kennysheep_orc_mage_school, serial_shops, shop
Vaults:1: grunt_vaults_twisty, v_misc_2, nicolae_vaults_octagons,
          grunt_vaults_hallway_short, vaults_mumra_minichess_inversion,
          nicolae_vaults_network_square, vaults_mumra_hex, v_rooms_6,
          grunt_vaults_hallway_short, serial_ice_m, nicolae_vaults_gold_heap
Vaults:2: v_misc_10, hangedman_vaults_nodes, vaults_room_stairs_pillars,
          grunt_vaults_funnel, v_pattern_5, nicolae_vaults_theta,
          nicolae_vaults_ninety_degrees, vaults_dpeg_spiral, v_misc_10
Vaults:3: minmay_crypt_entry_simple_walls, vaults_dpeg_hooks,
          hangedman_vaults_maws, v_misc_22, nicolae_vaults_back_hallway,
          grunt_vaults_diagonal, ontoclasm_vaults_decontamination, v_misc_16,
          nicolae_vaults_network_s, nicolae_vaults_little_squares_6, v_misc_9,
          ontoclasm_vaults_loading_screen, v_rooms_1, vaults_room_hallway,
          serial_shops, shop, uniq_saint_roka, uniq_aizul
Vaults:4: nicolae_vaults_big_angled_halls, ontoclasm_vaults_twist,
          vaults_room_corners, nicolae_vaults_windows_and_doors_thing,
          nicolae_vaults_specimen_jars, v_misc_15, v_misc_17,
          vaults_room_semicircle, uniq_sojobo, uniq_frederick
Crypt:1:  mu_enter_wizlab_4
Crypt:3:  grunt_crypt_end_deaths_head
Depths:1: minmay_misc_feat_more_columns, grunt_hell_entry_dis_old,
          kennysheep_doodads, guppyfry_shop_venom, minmay_shoptagon,
          serial_bayou_shore_b, serial_bayou_shore_b, uniq_bai_suzhen
Depths:2: lightli_eight_chambers, pf_hell_entry_tar_spiral,
          corexii_leaking_fountain, minmay_staircase_windowed_large
Depths:3: vault_1, pan_entry, serial_shops, freezing_bzr, pf_coc_iceberg,
          abyss_entry_flame_altar, minmay_misc_feat_iff, nicolae_elemental_shop,
          minmay_staircase_statues
Depths:4: cheibrodos_salmonella, hell_entry, grunt_pan_entry_zigzag,
          hangedman_abyss_entry_splay, special_room, minmay_staircase_bubble
Depths:5: grunt_zot_entry_pinwheel, enter_ziggurat_f, hex_tiny, hell_entry
Zot:1:    lemuel_baited_zot_trap, st_small_dragon_hoard_3
Zot:2:    st_stairs_13
Zot:4:    lemuel_draconian_sentries_small
Abyss:5:  grunt_abyss_rune_wretched_hive
Lab:      labyrinth_mini_lab, lab_hedge
Bazaar:   bazaar_general_marketplace, bazaar_lake
Bailey:   bailey_axe_bossmonster_kennysheep, bailey
IceCv:    ice_cave_caverns_01
WizLab:   wizlab_wucad

Skill      XL: |  1  2  3  4  5  6  7  8  9 10 11 12 13 14 15 16 17 18 19 20 21 22 23 24 25 26 27 |
---------------+----------------------------------------------------------------------------------+-----
Stealth        | 1 2 6 7 9 |  9.0
Polearms       | 2 3 5 6 7 10 12 14 16 18 20 21 22 23 24 26 | 26.0
Invocations    | 2 4 6 7 8 9 10 | 10.5
Dodging        | 7 11 16 | 16.5
Crossbows      | 5 10 11 14 16 18 | 18.6
Fighting       | 8 12 17 | 17.9
Evocations     | 5 |  5.4
Charms         | 5 |  5.1
Necromancy     | 3 |  3.1
Conjurations   | 4 |  4.0
Translocations | 2 |  2.5
Summonings     | 3 6 |  6.1
Armour         | 6 11 14 19 25 | 25.8
Hexes          | 6 |  6.2
Shields        | |  1.1
Spellcasting   | |  2.5
Fire Magic     | |  3.2

Action                   |  1- 3 |  4- 6 |  7- 9 | 10-12 | 13-15 | 16-18 | 19-21 | 22-24 | 25-27 || total
-------------------------+-------+-------+-------+-------+-------+-------+-------+-------+-------++-------
Melee: Dagger            |    78 |       |       |       |       |       |       |       |       ||    78
       Spear             |   126 |    12 |       |       |       |       |       |       |       ||   138
       Trident           |       |   248 |   340 |       |       |       |       |       |       ||   588
       Halberd           |       |       |   168 |   550 |  1120 |   949 |   677 |       |       ||  3464
       Quarterstaff      |       |       |       |    45 |    25 |    13 |    81 |    33 |    46 ||   243
       Bardiche          |       |       |       |       |       |     5 |   281 |   300 |  1935 ||  2521
       Glaive            |       |       |       |       |       |       |   118 |  1051 |       ||  1169
       Broad axe         |       |       |       |       |       |       |       |    14 |    12 ||    26
       Battleaxe         |       |       |       |       |       |       |       |       |   132 ||   132
 Fire: Blowgun           |       |       |    43 |     5 |     1 |     2 |       |       |       ||    51
       Hand crossbow     |       |       |       |    36 |       |       |       |       |       ||    36
       Arbalest          |       |       |       |     6 |   141 |   230 |   218 |   109 |   126 ||   830
Throw: Stone             |       |    30 |    12 |       |       |       |       |       |       ||    42
       Tomahawk          |       |    10 |    17 |       |       |       |       |       |       ||    27
       Javelin           |       |       |       |     6 |     1 |       |       |       |       ||     7
       Throwing net      |       |       |       |     2 |     2 |     1 |     1 |       |       ||     6
 Cast: Regeneration      |       |       |       |       |       |    35 |    63 |    85 |    89 ||   272
       Ignite Poison     |       |       |       |       |       |     3 |       |       |       ||     3
       Conjure Flame     |       |       |       |       |       |     6 |       |    17 |    11 ||    34
       Shroud of Golubri |       |       |       |       |       |     1 |    29 |    19 |    37 ||    86
       Blink             |       |       |       |       |       |     1 |    12 |    13 |     5 ||    31
       Portal Projectile |       |       |       |       |       |       |       |     1 |     7 ||     8
Invok: Slouch            |       |       |       |     3 |     6 |     5 |     3 |     4 |     8 ||    29
       Bend Time         |       |       |       |       |     1 |       |       |       |       ||     1
       Step From Time    |       |       |       |       |       |     1 |     1 |       |       ||     2
       Temporal Distorti |       |       |       |       |       |     1 |       |     1 |       ||     2
 Abil: Hop               |     1 |     8 |    14 |    13 |    13 |    22 |    17 |    23 |    11 ||   122
       Evoke Invisibilit |       |       |       |     1 |       |       |       |     1 |       ||     2
       Evoke Blink       |       |       |       |       |     3 |     1 |       |       |       ||     4
Evoke: Wand              |       |    16 |    19 |    13 |    37 |    20 |    22 |    20 |    11 ||   158
  Use: Scroll            |     1 |     3 |     7 |    14 |    16 |    10 |     9 |    15 |    23 ||    98
       Potion            |       |       |     7 |     2 |    10 |     5 |     7 |    10 |    10 ||    51
 Stab: Sleeping          |     4 |     3 |     6 |    15 |    41 |    30 |    10 |     4 |     4 ||   117
       Distracted        |       |     2 |     4 |     1 |    12 |    14 |     1 |     7 |     6 ||    47
       Confused          |       |       |       |     1 |     8 |     3 |     5 |       |       ||    17
       Paralysed         |       |       |       |       |     1 |     2 |       |       |       ||     3
       Petrified         |       |       |       |       |     3 |       |       |       |     5 ||     8
       Invisible         |       |       |       |       |     4 |     7 |       |     2 |       ||    13
       Petrifying        |       |       |       |       |       |       |       |       |     1 ||     1
  Eat: Chunk             |     4 |     7 |     7 |     1 |     5 |    10 |     7 |    11 |    10 ||    62
       Fruit             |       |     2 |     1 |     2 |    11 |     2 |     2 |     2 |     6 ||    28
       Royal jelly       |       |       |     1 |     4 |     2 |     1 |     2 |     1 |    10 ||    21
       Bread ration      |       |       |     1 |       |     1 |     1 |     2 |     4 |     2 ||    11
       Meat ration       |       |       |       |       |       |     1 |     1 |       |       ||     2
Armor: Scale mail        |    81 |    98 |   158 |    67 |       |       |       |       |       ||   404
       Skin              |       |       |     6 |     3 |       |       |       |       |       ||     9
       Plate armour      |       |       |       |    39 |    69 |       |       |       |       ||   108
       Ring mail         |       |       |       |    25 |     7 |       |       |       |       ||    32
       Leather armour    |       |       |       |       |   124 |   138 |   133 |       |       ||   395
       Chain mail        |       |       |       |       |       |       |   113 |   431 |   529 ||  1073
Dodge: Dodged            |    62 |    83 |   230 |   427 |   812 |   852 |  1079 |  1354 |  1856 ||  6755
Block: Buckler           |     3 |    28 |    31 |       |       |       |       |       |       ||    62
       Shield            |       |    16 |       |       |       |       |       |       |       ||    16
       Other             |       |       |       |       |    11 |   160 |   151 |   312 |   346 ||   980
       Reflection        |       |       |       |       |       |    18 |    17 |    22 |    32 ||    89
